 Dungeon Crawl Stone Soup version 0.29-a0-1027-gcd8c55af63 (webtiles) character file.

Game seed: 8518768672413686006

171 miket3c the Trooper (level 5, -10/47 HPs)
             Began as a Minotaur Fighter on Aug 13, 2022.
             Killed by divine providence
             ... invoked by an orc priest
              (13 damage)
             ... on level 4 of the Dungeon.
             The game lasted 00:04:51 (2328 turns).

miket3c the Trooper (Minotaur Fighter)              Turns: 2328, Time: 00:04:52

Health: -10/47     AC:  7    Str: 22    XL:     5   Next: 26%
Magic:  4/4        EV:  9    Int:  5    God:
Gold:   59         SH:  4    Dex: 10    Spells: 4/4 levels left

rFire   . . .      SeeInvis .   q - +1 broad axe
rCold   . . .      Faith    .   c - +0 buckler
rNeg    . . .      Spirit   .   b - +0 scale mail
rPois   .          Reflect  .   (helmet restricted)
rElec   .          Harm     .   (no cloak)
rCorr   .          Rampage  .   (no gloves)
Will    .....                   (no boots)
Stlth   ..........              (no amulet)
HPRegen 0.15/turn               (no ring)
MPRegen 0.09/turn               (no ring)

@: no status effects
A: horns 2, retaliatory headbutt
a: no special abilities


You were on level 4 of the Dungeon.
You visited 1 branch of the dungeon, and saw 4 of its levels.

You collected 59 gold pieces.

Inventory:

Hand Weapons
 a - a +0 war axe
 q - a +1 broad axe (weapon)
Missiles
 o - 4 boomerangs (quivered)
Armour
 b - a +0 scale mail (worn)
 c - a +0 buckler (worn)
Scrolls
 g - a scroll of brand weapon {unknown}
 h - a scroll of silence
 i - a scroll of identify {unknown}
 j - a scroll of immolation {unknown}
 m - a scroll of blinking {unknown}
Potions
 n - a potion of degeneration {unknown}
 p - a potion of mutation {unknown}


   Skills:
 + Level 4.6 Fighting
 * Level 4.5 Axes
 + Level 4.6 Armour
 + Level 4.5 Shields


You had 4 spell levels left.
You didn't know any spells.
Your spell library was empty.

Dungeon Overview and Level Annotations

Branches:
Dungeon (4/15)
 Temple: D:4-7

Altars:


Innate Abilities, Weirdness & Mutations

You have a pair of horns on your head.
You reflexively headbutt those who attack you in melee.


Message History

The orc priest casts a cantrip, but nothing happens.
The orc hits your butterfly with a +0 mace.
Your butterfly dies!
Your butterfly disappears in a burst of colours!
The orc closely misses your butterfly.
The orc priest closely misses your butterfly. x2
The orc priest misses your butterfly.
The orc hits your butterfly with a +0 mace.
Your butterfly dies!
Your butterfly disappears in a burst of colours!
The orc priest hits your butterfly with a +0 hand axe!
Your butterfly dies!
Your butterfly disappears in a burst of colours!
The orc priest hits your butterfly with a +0 hand axe.
Your butterfly dies!
Your butterfly disappears in a burst of colours!
The orc priest calls down the wrath of Beogh upon you.
Beogh smites you!
* * * LOW HITPOINT WARNING * * *
You climb upwards.
Your summoned allies are left behind.
The gnoll barely misses you. You furiously retaliate!
You headbutt the gnoll. The orc barely misses you.
There is a stone staircase leading down here.
Okay, then.
As you read the scroll labelled BIG NIN GIUPHA, it crumbles to dust.
It is a scroll of enchant weapon.
Your +0 broad axe glows red for a moment.
The gnoll hits you but does no damage. The orc hits you but does no damage.
The gnoll barely misses you. The orc barely misses you.
The gnoll closely misses you. You furiously retaliate!
You headbutt the gnoll. The orc hits you with a +0 club.
* * * LOW HITPOINT WARNING * * *
You climb downwards.
An orc comes into view. It is wielding a +0 mace.
The orc hits you with a +0 mace.
* * * LOW HITPOINT WARNING * * *
The orc hits you but does no damage.
The orc priest mumbles some strange prayers to Beogh against you.
Beogh smites you!
You die...

# #. # .. ..
#.#######.###
#..#...o........
.......@).....(.
......og........
.....o...###.###
#o(....... ..
#.########. . .
.# #


You could see an orc priest, a gnoll and 3 orcs.

Vanquished Creatures
  A hound (D:4)
  5 gnolls
  2 adders (D:2)
  A worm (D:2)
  4 dart slugs
  6 orcs (D:3)
  6 ball pythons
  5 bats
  6 endoplasms
  2 giant cockroaches (D:1)
  4 hobgoblins
  4 jackals (D:3)
  2 quokkas
  2 frilled lizards
  4 kobolds
  5 rats
59 creatures vanquished.

Vanquished Creatures (others)
  A plant (D:3)
1 creature vanquished.

Grand Total: 60 creatures vanquished

Notes
Turn   | Place    | Note
-------+----------+-------------------------------------------
     0 | D:1      | miket3c the Minotaur Fighter began the quest for the Orb.
     0 | D:1      | Reached XP level 1. HP: 19/19 MP: 0/0
    64 | D:1      | Reached XP level 2. HP: 27/27 MP: 1/1
   713 | D:2      | Reached XP level 3. HP: 28/33 MP: 2/2
  1111 | D:2      | Identified the +1 robe of Vehumet, Shifting {Fly rPois
                  | Dex-3}
  1754 | D:3      | Reached XP level 4. HP: 40/40 MP: 3/3
  2204 | D:3      | Noticed a kobold brigand
  2232 | D:4      | Reached XP level 5. HP: 8/47 MP: 4/4
  2328 | D:4      | Killed from afar by an orc priest

Illustrated notes

Levels and vault maps discovered:
D:1:      dpeg_arrival_windows_large_door, layout_loops_ring
D:2:      layout_basic
D:3:      lemuel_castle_with_subvaults [lemuel_castle_interior_original],
          layout_loops_ring, lemuel_zombie_altar_yredelemnul,
          grunt_ministairs_1, uniq_terence, uniq_grinder, uniq_robin, uniq_ijyb,
          uniq_natasha
D:4:      nicolae_cairo_tiling_large_dashed, layout_basic,
          minmay_misc_feat_nine_boxes

Skill      XL: |  1  2  3  4 |
---------------+-------------+-----
Axes           | 3 4 |  4.5
Armour         | 4 |  4.6
Fighting       | 4 |  4.6
Shields        | 4 |  4.5

Action                   |  1- 3 |  4- 6 || total
-------------------------+-------+-------++-------
Melee: War axe           |    72 |    16 ||    88
       Headbutt          |     7 |     4 ||    11
       Broad axe         |       |    12 ||    12
  Use: Potion            |       |     3 ||     3
       Scroll            |       |     3 ||     3
Armor: Scale mail        |    33 |    29 ||    62
Dodge: Dodged            |    39 |    37 ||    76
Block: Buckler           |    15 |    19 ||    34

Table legend: (Time is in decaauts)
 A = Elapsed time spent in this place.
 B = Non-inter-level travel time spent in this place.
 C = Inter-level travel time spent in this place.
 D = Time resting spent in this place.
 E = Time spent auto-exploring this place.
 F = Levels seen in this place.
 G = Mean time per level.
                   A        B        C        D        E       F      G
               +--------+--------+--------+--------+--------+-----+--------+
         Total |   2365 |   2190 |    175 |    213 |   1631 |   4 |  591.2 |
       Dungeon |   2365 |   2190 |    175 |    213 |   1631 |   4 |  591.2 |
               +--------+--------+--------+--------+--------+-----+--------+

Top non-repeatable levels by time:
     D:2: 1132 daAuts
     D:1: 643 daAuts
     D:3: 490 daAuts
     D:4: 98 daAuts
